Zazza, neutral female human Tourist ----- |.>.| ##-...| ------- ###|...| ######.@..`.- ## ----- ---------- |f:...| #### |........| .......# # # |........| |.....|# ### # |........| |...[.|# # # |........| |....<|# ### # #.......... # -------# # # ###|........|############`###### # # ----.-----# ### --.---# ---------|------ ### ####### ##`# |....|# |..............| # # |...^|# |...............######## ### |....|# |.......{......| # |.....# |............`..################################ |....| ---------------- ------ Zazza the Rambler Experience level: 1 Strength: 10 Dexterity: 10 Constitution: 18 Intelligence: 10 Wisdom: 11 Charisma: 16 Health: 0(10) Energy: 2(2) Def: 4 Gold: 1029 Moves: 1320 Dungeon seed: IXQ0DwVoKFtxk44Y Game ID: Zazza_1598281473 Your Inventory: Coins $ - 1029 gold pieces Amulets q - an uncursed amulet of ESP (being worn) Weapons a - 34 +2 darts (in quiver) r - a +0 orcish dagger (weapon in hand) Armor e - a blessed +0 Hawaiian shirt (being worn) y - a blessed +1 orcish helm (being worn) z - an uncursed +0 leather armor (being worn) Comestibles b - 2 uncursed tripe rations c - an uncursed banana d - 2 uncursed eggs f - an uncursed lembas wafer h - an uncursed food ration w - 2 uncursed slime molds Scrolls m - 2 uncursed scrolls of magic mapping x - an uncursed scroll of amnesia Spellbooks s - an uncursed spellbook of create monster Potions j - an uncursed potion of extra healing k - a blessed potion of extra healing p - an uncursed potion of invisibility Tools n - an expensive camera (0:43) o - an uncursed credit card v - an uncursed magic whistle Spells and supernatural/magical abilities: Name Level Category Fail Memory O - create monster 2 clerical 100% 94% W - pray for help -- divine ? -- Your skills at the end: Fighting Skills Weapon Skills dart [Basic] Spellcasting Skills Final Attributes: You were nominally aligned. You were telepathic. You are dead. Vanquished creatures: a gnome zombie 3 jackals a fox a kobold a goblin 2 sewer rats 6 grid bugs 2 lichens a kobold zombie 4 newts 22 creatures vanquished. Voluntary challenges: You were vegetarian. You were an atheist. You used a wielded weapon 2 times, starting on turn 725. You were a pacifist. You read items or engraved 6 times, starting on turn 67. You never genocided any monsters. You never polymorphed an object. You never changed form. You used no wishes. You never split a pudding. You never wrote Elbereth's name. You never violated your personal moral code. Dungeon overview: The Dungeons of Doom: levels 1 to 3 Level 1 some fountains, a sink a long staircase Level 2 Level 3 <- You were here a fountain History has recorded: On T:1 you entered the Dungeons of Doom to retrieve the Amulet of Yendor! On T:433 you reached level 2 of The Dungeons of Doom. On T:975 you reached level 3 of The Dungeons of Doom. Score breakdown: Gold: 329 ( 8567 points) Experience: 1 level ( 0 points) Exploration: 3 levels ( 6.38%) ( 6255 points) Discoveries: 2 items ( 0.67%) ( 2457 points) Valuables value: (no points given unless you survive) Artifact value: 0 ( 0 points) Variety of kills: 10 monsters ( 2.62%) ( 4860 points) Turncount: 1320 turns ( 0 points) Survival: died (score multiplied by 80%) Total score: 17711 Latest messages: You hear a monster behind the boulder. Perhaps that's why you cannot move it. You displace Armand. With great effort you move the boulder. You displace Armand. $ - 46 gold pieces. You displace Armand. $ - 24 gold pieces. Armand is hit by a dart! You displace Armand. You hear some noises. You displace Armand. You stop. Armand is in the way! (2x) You displace Armand. The door opens. You see here a statue of a giant rat. You displace Armand. The gecko bites! (2x) Armand misses the gecko. (2x) Armand bites the gecko. The gecko misses Armand. The gecko bites! Armand misses the gecko. (2x) The gecko bites! You die... Final status: Aloha Zazza the Tourist, killed by a gecko... You died in The Dungeons of Doom on dungeon level 3 with 17711 points, and 1029 pieces of gold, after 1320 moves. You were level 1 with a maximum of 10 hit points when you died.